 Dungeon Crawl Stone Soup version 0.31-a0-632-g766dd24fdf (webtiles) character file.

Game seed: 2303353482246885416

3649 thirtiethelement the Shooter (level 9, -1/69 HPs)
             Began as a Demonspawn Hunter on Aug 26, 2023.
             Was a High Priest of Cheibriados.
             Slain by an orc warrior
             ... wielding a +0 glaive
              (14 damage)
             ... in a bailey.
             The game lasted 00:19:02 (7452 turns).

thirtiethelement the Shooter (Demonspawn Hunter)    Turns: 7452, Time: 00:19:02

Health: -1/69      AC: 13    Str: 23    XL:     9   Next: 88%
Magic:  18/18      EV: 16    Int: 24    God:    Cheibriados [*****.]
Gold:   578        SH:  5    Dex: 27    Spells: 8/8 levels left

rFire   . . .        b - +11 dagger of the Fae God {freeze, rPois}
rCold   + + +        (no shield)
rNeg    + . .        c - +0 leather armour
rPois   +            (helmet restricted)
rElec   .            (no cloak)
rCorr   +            w - +0 pair of gloves
SInv    .            G - +0 pair of boots of Stoicism {rC+++ rN+ rCorr Dex-5}
Will    .....        n - amulet "Puntya" {Reflect Fly MP+9 SH+5}
Stlth   +++          l - ring of wizardry
HPRegen 0.31/turn    k - +4 ring of protection
MPRegen 0.16/turn

%: reflection, wizardry (x1)
@: mighty, flying, very slow
A: antennae 1, slimy green scales 3, powered by death 1, powered by pain 1,
bedeviling
a: Renounce Religion, Bend Time, Temporal Distortion, Slouch, Step From Time


You were in a bailey.
You worshipped Cheibriados.
Cheibriados was extremely pleased with you.
You visited 2 branches of the dungeon, and saw 9 of its levels.
You also visited: Sewer and Bailey.

You collected 578 gold pieces.

Inventory:

Hand Weapons
 a - a +0 shortbow
 b - the +11 dagger of the Fae God (weapon) {freeze, rPois}
   (You found it on level 3 of the Dungeon)

   rPois:     It protects you from poison
 f - the +7 Throatcutter {drain, coup de grace}
   (You took it off Terence on level 3 of the Dungeon)
 j - a +2 dagger of venom
 D - the +0 rapier of Malaise {venom, rN+ Str+4}
   (You found it on level 6 of the Dungeon)

   Str+4:     It affects your strength (+4).
   rN+:       It protects you from negative energy.
Missiles
 u - 2 throwing nets
Armour
 c - a +0 leather armour (worn)
 w - a +0 pair of gloves (worn)
 G - the +0 pair of boots of Stoicism (worn) {rC+++ rN+ rCorr Dex-5}
   (You found it on level 7 of the Dungeon)

   Dex-5:     It affects your dexterity (-5).
   rC+++:     It renders you almost immune to cold.
   rN+:       It protects you from negative energy.
   rCorr:     It protects you from acid and corrosion.
Jewellery
 k - a +4 ring of protection (right hand)
 l - a ring of wizardry (left hand)
 n - the amulet "Puntya" (around neck) {Reflect Fly MP+9 SH+5}
   (You acquired it in a sewer)

   [amulet of reflection]

   Reflect:   It reflects blocked missile attacks.
   MP+9:      It affects your magic capacity (+9).
   Fly:       It grants you flight.
   SH+5:      It affects your SH (+5).
 C - an amulet of guardian spirit
Wands
 s - a wand of mindburst (22)
 F - a wand of polymorph (10)
Scrolls
 d - a scroll of butterflies
 h - a scroll of blinking
 p - a scroll of fear
 r - 3 scrolls of teleportation
 t - a scroll of vulnerability {unknown}
 y - 3 scrolls of identify {unknown}
Potions
 e - a potion of berserk rage {unknown}
 g - a potion of attraction {unknown}
 i - 4 potions of heal wounds {unknown}
 m - 2 potions of haste {unknown}
 o - 3 potions of curing
 q - 5 potions of lignification {unknown}
 v - 2 potions of degeneration {unknown}
 x - a potion of brilliance
 z - a potion of magic {unknown}
 A - a potion of might {unknown}
 B - 2 potions of invisibility {unknown}
 E - a potion of mutation {unknown}


   Skills:
 + Level 5.8 Fighting
 + Level 6.4 Short Blades
 + Level 6.5 Ranged Weapons
 + Level 3.8 Armour
 + Level 5.4 Dodging
 + Level 4.3 Stealth
 + Level 2.7 Shields


You had 8 spell levels left.
You didn't know any spells.
Your spell library contained the following spells:

 Spells                   Type           Power      Damage    Failure   Level
 Freeze                   Ice            0%         1d3       7%          1
 Wereblood                Tmut           0%         N/A       11%         2
 Frozen Ramparts          Ice            0%         1d1       21%         3
 Hailstorm                Conj/Ice       0%         3d3       21%         3
 Irradiate                Conj/Tmut      0%         3d11      86%         5
 Chain Lightning          Conj/Air       0%         N/A       100%        9
 Fire Storm               Conj/Fire      0%         5d1       100%        9
 Shatter                  Erth           0%         3d5*      100%        9


Dungeon Overview and Level Annotations

Branches:
Dungeon (8/15)             Temple (1/1) D:4           Sewer (visited)
 Bailey (1/1)
   Lair: D:8-11

Altars:
Cheibriados
Dithmenos
Fedhas
Gozag
Hepliaklqana
Makhleb
Nemelex Xobeh
Okawaru
Qazlal
Ru
Sif Muna
Uskayaw
Wu Jian
Xom
Yredelemnul

Shops:
D:6 *


Innate Abilities, Weirdness & Mutations

You have a pair of small antennae on your head.
You are completely covered in slimy green scales. (AC +4, rPois)
You regenerate a little health from kills.
You sometimes gain a little power by taking damage.
Your hexes are more powerful.


Message History

The orc warrior is severely wounded.
The centaur throws a javelin.
The javelin pierces through you but does no damage.
You hit the orc warrior but do no damage.
The orc warrior is severely wounded.
The orc warrior hits you with a +0 halberd!
You focus on the pain.
You feel very mighty all of a sudden.
The centaur throws a javelin.
The javelin pierces through you but does no damage.
You puncture the orc warrior! You freeze the orc warrior.
You kill the orc warrior!
Cheibriados thoroughly appreciates the change of pace.
An orc warrior comes into view. It is wielding a +0 glaive.
Found 3 scrolls of enchant armour.
The centaur throws a javelin.
The javelin pierces through you but does no damage.
The centaur hits you from afar with a +0 halberd.
The orc closely misses you.
An orc warrior comes into view. It is wielding a +0 trident.
The centaur hits you from afar with a +0 halberd!
The orc hits you with a +0 halberd!
* * * LOW HITPOINT WARNING * * *
The orc warrior shouts!
You hear a shout! x2
The orc closely misses you.
The centaur throws a javelin.
The javelin closely misses you.
The javelin barely misses the orc.
The orc attacks as it pursues you! The orc misses you.
You block the orc's attack. The orc misses you. The orc completely misses you.
The orc hits you from afar with a +0 halberd.
* * * LOW HITPOINT WARNING * * *
The orc attacks as it pursues you! The orc barely misses you.
The orc misses you. The orc warrior barely misses you.
The orc barely misses you. The orc closely misses you.
The orc warrior attacks as it pursues you!
The orc warrior misses you. The orc closely misses you.
You block the orc warrior's attack. The orc barely misses you.
There is an open gate here.
The orc completely misses you.
The orc warrior hits you from afar with a +0 glaive!
You die...

#...##....≈≈≈≈≈≈≈≈ .....≈.
#...#.⌠.≈≈≈....... ....⌠.≈≈.
#..)#..≈≈..≈≈≈≈≈≈≈ .......≈.
#..⌠#.≈≈.≈≈≈.....≈ ≈≈≈....≈≈
#..##.≈.≈≈..≈≈≈≈≈.
~~≈≈≈...#####..#.≈≈)≈.≈≈≈...≈≈
≈≈~≈≈≈......'..#)≈.≈≈.≈..⌠.⌠..
?~~≈≈≈.....o'..#.≈)).)≈..∩∩∩..
≈≈~≈≈≈.)..oo'@.#)≈)≈≈.≈..⌠.⌠..
~~≈≈≈...#####..#)≈≈.≈.≈≈≈...≈≈
≈≈≈....≈≈c≈≈#..##)≈.≈≈..≈≈≈≈≈.
.......≈.≈≈≈#..)#.≈≈.≈≈≈.....≈
....⌠.≈≈.≈≈≈#)..#..≈≈..≈≈≈≈≈≈≈
......≈c≈≈≈≈#...#.⌠.≈≈≈.......
....≈≈≈.≈≈≈≈#.))##....≈≈≈≈≈≈≈≈
..≈≈≈..≈≈≈≈≈#...)#####........
≈≈≈..≈≈≈≈≈≈≈#.....).⌠#########


You could see an orc warrior and 2 orcs.

Vanquished Creatures
  Sigmund (D:4)
  Eustachio (D:6)
  The ghost of Dittersdorf the Covered, an amateur GrFi (D:5)
  A water moccasin (D:7)
  A hornet zombie (D:7)
  5 orc warriors (Bailey)
  2 sky beasts (D:7)
  2 black bears
  6 centaurs
  3 phantoms
  A wyvern zombie (D:7)
  3 bullfrogs
  2 scorpions (D:6)
  A wight (D:7)
  A howler monkey (D:4)
  7 centaur zombies (D:7)
  A hound (D:4)
  A jelly (D:5)
  2 gnoll boudas (D:7)
  Jessica (D:3)
  Terence (D:3)
  2 iguanas
  2 orc wizards
  A howler monkey zombie (D:7)
  Robin (D:3)
  9 gnolls (D:7)
  15 adders
  7 river rats (Sewer)
  A shadow imp (D:6)
  2 white imps
  3 ufetubi
  2 worms
  A dart slug (D:5)
  35 orcs
  10 bats
  8 endoplasms
  4 giant cockroaches
  21 goblins
  17 hobgoblins
  3 jackals (D:4)
  20 kobolds
  4 quokkas
  12 ball pythons
  3 frilled lizards
  20 rats
247 creatures vanquished.

Notes
Turn   | Place    | Note
-------+----------+-------------------------------------------
     0 | D:1      | thirtiethelement the Demonspawn Hunter began the quest for
                  | the Orb.
     0 | D:1      | Reached XP level 1. HP: 16/16 MP: 1/1
   239 | D:1      | Gained mutation: You are partially covered in slimy green
                  | scales. (AC +2) [demonic ancestry]
   239 | D:1      | Reached XP level 2. HP: 22/22 MP: 2/2
   691 | D:2      | Gained mutation: You sometimes gain a little power by
                  | taking damage. [demonic ancestry]
   691 | D:2      | Reached XP level 3. HP: 20/27 MP: 3/3
   903 | D:2      | Reached skill level 1 in Stealth
  1335 | D:2      | Reached skill level 1 in Armour
  1549 | D:2      | Gained mutation: You are mostly covered in slimy green
                  | scales. (AC +3) [demonic ancestry]
  1549 | D:2      | Reached XP level 4. HP: 28/34 MP: 4/4
  1792 | D:3      | Noticed Robin
  1825 | D:3      | Killed Robin
  1835 | D:3      | Reached skill level 1 in Short Blades
  2013 | D:3      | Noticed Jessica
  2019 | D:3      | Killed Jessica
  2020 | D:3      | Gained mutation: You are completely covered in slimy green
                  | scales. (AC +4, rPois) [demonic ancestry]
  2020 | D:3      | Reached XP level 5. HP: 39/39 MP: 5/5
  2077 | D:3      | Found a shimmering blue altar of Sif Muna.
  2102 | D:3      | Identified the +11 dagger of the Fae God {freeze, rPois}
  2331 | D:3      | Noticed Terence
  2345 | D:3      | Killed Terence
  2612 | D:4      | Found a staircase to the Ecumenical Temple.
  2623 | Temple   | Entered the Ecumenical Temple
  2638 | Temple   | Became a worshipper of Cheibriados the Contemplative
  2705 | D:4      | Reached skill level 5 in Ranged Weapons
  2797 | D:4      | Gained mutation: You regenerate a little health from kills.
                  | [demonic ancestry]
  2797 | D:4      | Reached XP level 6. HP: 45/47 MP: 6/6
  3058 | D:4      | Reached * piety under Cheibriados
  3119 | D:4      | Noticed Sigmund
  3131 | D:4      | Killed Sigmund
  3774 | D:5      | Entered Level 5 of the Dungeon
  3862 | D:5      | Gained mutation: You have a pair of small antennae on your
                  | head. [demonic ancestry]
  3862 | D:5      | Reached XP level 7. HP: 48/52 MP: 7/7
  4102 | D:5      | Found a runed translucent door.
  4108 | D:5      | Noticed Dittersdorf's ghost (amateur GrFi)
  4303 | D:5      | Found a stormy altar of Qazlal.
  4764 | D:5      | Killed Dittersdorf's ghost
  4902 | D:6      | Found a glowing drain.
  4918 | Sewer    | Entered a sewer
  4939 | Sewer    | Reached XP level 8. HP: 60/60 MP: 8/8
  5020 | Sewer    | Reached ** piety under Cheibriados
  5191 | Sewer    | Reached *** piety under Cheibriados
  5343 | Sewer    | Identified 2 scrolls of acquirement
  5343 | Sewer    | Acquired a +4 ring of protection
  5347 | Sewer    | Acquired the amulet "Puntya" {Reflect Fly MP+9 SH+5}
  5766 | D:6      | Identified the +0 rapier of Malaise {venom, rN+ Str+4}
  5774 | D:6      | Found an opulent altar of Gozag.
  5775 | D:6      | Found a hide-covered altar of Uskayaw.
  5958 | D:6      | Noticed Eustachio
  5969 | D:6      | Killed Eustachio
  6175 | D:6      | Found Sufoleucat's Mail-Order Catalogue.
  6211 | D:7      | Reached skill level 5 in Fighting
  6228 | D:7      | Reached **** piety under Cheibriados
  6240 | D:7      | Gained mutation: Your hexes are more powerful. [demonic
                  | ancestry]
  6240 | D:7      | Reached XP level 9. HP: 68/68 MP: 9/9
  6260 | D:7      | Reached skill level 5 in Short Blades
  6264 | D:7      | Identified the +0 pair of boots of Stoicism {rC+++ rN+
                  | rCorr Dex-5}
  6721 | D:7      | Reached skill level 1 in Shields
  6901 | D:7      | Reached ***** piety under Cheibriados
  7207 | D:8      | Found a flagged portal.
  7222 | Bailey   | Entered a bailey
  7291 | Bailey   | Reached skill level 5 in Dodging
  7452 | Bailey   | Slain by an orc warrior

Illustrated notes

Levels and vault maps discovered:
D:1:      dpeg_arrival_rhombi, layout_basic
D:2:      minmay_spotlight, layout_basic, serial_corexii_hall,
          corexii_hall_statues_l, chequers_hall_statues_wall_a,
          hangedman_decor_peaks_small, nicolae_eternal_life
D:3:      layout_loops_ring, overflow_temple_1_default, uniq_terence,
          uniq_jessica, uniq_robin
D:4:      layout_layer_cave, minmay_temple_entry_statues_pillars, uniq_sigmund
D:5:      layout_cave_pods, kennysheep_little_box,
          nicolae_qazlal_scattered_showers, ebering_ghost_sewer_d,
          corexii_shack, minmay_misc_feat_pillars, dk_noncrumbling_3,
          bh_walls_and_bars
D:6:      layout_basic, gammafunk_temple_overflow_forgotten,
          portal_sewer_entry_a, monkooky_shop_mail_order, uniq_eustachio
D:7:      layout_basic, zin_scriptorium, serial_undead, serial_undead_e,
          serial_undead_b, serial_undead_d, serial_undead_e
D:8:      minmay_quarter_circles, layout_layer_cave, enter_ossuary_1,
          enter_bailey_5, minmay_evil_grid, uniq_pikel
Temple:   bh_familiar_temple
Bailey:   bailey_polearm_flooded_kennysheep, bailey

Skill      XL: |  1  2  3  4  5  6  7  8  9 |
---------------+----------------------------+-----
Ranged Weapons | 4 5 6 |  6.5
Stealth        | 1 3 4 |  4.3
Armour         | 1 2 3 |  3.8
Dodging        | 2 3 4 5 |  5.4
Short Blades   | 1 2 3 4 6 |  6.4
Fighting       | 3 4 5 |  5.8
Shields        | 2 |  2.7

Action                     |  1- 3 |  4- 6 |  7- 9 || total
---------------------------+-------+-------+-------++-------
  Melee: Dagger            |    70 |   119 |   426 ||   615
         Punch             |       |       |     5 ||     5
   Fire: Shortbow          |    53 |    64 |     5 ||   122
    Use: Scroll            |     4 |     1 |     3 ||     8
         Potion            |       |     2 |       ||     2
   Stab: Sleeping          |     3 |     2 |     7 ||    12
         Distracted        |       |       |     1 ||     1
 Armour: Leather armour    |    37 |    65 |   171 ||   273
  Dodge: Dodged            |    51 |   101 |   427 ||   579
  Block: Other             |       |       |    96 ||    96
         Reflection        |       |       |     1 ||     1

Table legend: (Time is in decaauts)
 A = Elapsed time spent in this place.
 B = Non-inter-level travel time spent in this place.
 C = Inter-level travel time spent in this place.
 D = Time resting spent in this place.
 E = Time spent auto-exploring this place.
 F = Levels seen in this place.
 G = Mean time per level.
                   A        B        C        D        E       F      G
               +--------+--------+--------+--------+--------+-----+--------+
         Total |   9379 |   9193 |    186 |      0 |   7028 |  11 |  852.6 |
       Dungeon |   8138 |   7952 |    186 |      0 |   6450 |   8 | 1017.2 |
        Temple |     34 |     34 |      0 |      0 |      0 |   1 |   34.0 |
         Sewer |    887 |    887 |      0 |      0 |    577 |   1 |  887.0 |
        Bailey |    319 |    319 |      0 |      0 |      0 |   1 |  319.0 |
               +--------+--------+--------+--------+--------+-----+--------+

Top non-repeatable levels by time:
     D:4: 1464 daAuts
     D:5: 1433 daAuts
     D:7: 1430 daAuts
     D:2: 1164 daAuts
     D:6: 1020 daAuts
   Sewer: 887 daAuts
     D:3: 765 daAuts
     D:1: 694 daAuts
  Bailey: 319 daAuts
     D:8: 164 daAuts
  Temple: 34 daAuts
